 Dungeon Crawl Stone Soup version 0.27-a0-780-geb8d7bc690 (webtiles) character file.

Game seed: 12601185140002191699

126 EnegeticOcto the Insei (level 5, -1/40 HPs)
             Began as a Djinni Warper on Mar 26, 2021.
             Slain by an adder (2 damage)
             ... on level 3 of the Dungeon.
             The game lasted 00:04:41 (703 turns).

EnegeticOcto the Insei (Djinni Warper)               Turns: 703, Time: 00:04:41

Health: -1/40      AC: 10    Str: 10    XL:     5   Next: 9%
Gold:   31         EV:  1    Int: 16    God:
                   SH:  0    Dex: 12

rFire    + + .     SeeInvis .     - Unarmed
rCold    x . .     Faith    +   (no shield)
rNeg     . . .     Spirit   .   g - +0 plate armour
rPois    ∞         Reflect  .   (no helmet)
rElec    .         Harm     .   (no cloak)
rCorr    .         Rampage  .   (no gloves)
Will     .....                  (boots unavailable)
Stlth    ..........             d - amulet of faith
HPRegen  0.13/turn              (no ring)
MPRegen  0.00/turn              (no ring)

@: flying
A: fire resistance 2, cold vulnerability 1, float, innate caster, hp casting,
extra vitality 1
a: no special abilities


You were on level 3 of the Dungeon.
You visited 1 branch of the dungeon, and saw 3 of its levels.

You collected 31 gold pieces.

Inventory:

Armour
 a - a +0 leather armour
 e - a +0 scale mail
   (You found it on level 1 of the Dungeon)
 g - a +0 plate armour (worn)
   (You found it on level 1 of the Dungeon)
Magical Staves
 h - a staff of fire
   (You found it on level 1 of the Dungeon)
Jewellery
 d - an amulet of faith (around neck)
   (You took it off an orc wizard on level 3 of the Dungeon)
 f - a ring of protection from fire
   (You found it on level 1 of the Dungeon)
Scrolls
 b - a scroll of enchant armour {unknown}
 c - a scroll of blinking {@r4}
 i - a scroll of identify {unknown}


   Skills:
 + Level 3.3 Fighting
 - Level 0.7 Throwing
 - Level 1.0 Armour
 - Level 2.1 Dodging
 * Level 4.3 Unarmed Combat
 - Level 2.6 Spellcasting


You couldn't memorise any spells.
You knew the following spells:

 Your Spells              Type           Power      Damage    Failure   Level
a - Lesser Beckoning      Tloc           5%         N/A       100%        3
b - Gell's Gravitas       Tloc           5%         N/A       100%        3
c - Teleport Other        Tloc           10%        N/A       100%        3
d - Manifold Assault      Tloc           10%        N/A       100%        5
e - Pain                  Necr           40%        1d6       100%        1
p - Passwall              Tmut/Erth      8%         N/A       100%        2
Y - Blink                 Tloc           N/A        N/A       100%        2
Your spell library was empty.


Dungeon Overview and Level Annotations

Branches:
Dungeon (3/15)

Altars:


Innate Abilities, Weirdness & Mutations

You are immune to poison.
Your flesh is very heat resistant. (rF++)
You are vulnerable to cold. (rC-)
You float through the air rather than walking.
You learn spells naturally, not from books.
Your magical power is your life essence.
You have superior vitality. (+4 HP)


Message History

You closely miss the howler monkey.
The howler monkey is heavily wounded.
The howler monkey hits you but does no damage.
You barely miss the howler monkey.
The howler monkey is heavily wounded.
The howler monkey hoots and howls with incredible vigour!
You barely miss the howler monkey.
The howler monkey is heavily wounded.
The howler monkey hits you but does no damage.
You closely miss the howler monkey.
The howler monkey is heavily wounded.
The howler monkey hits you but does no damage.
You closely miss the howler monkey.
The howler monkey is heavily wounded.
The howler monkey hits you but does no damage.
The howler monkey hoots and howls with incredible vigour!
You closely miss the howler monkey.
The howler monkey is heavily wounded.
The howler monkey hits you.
You barely miss the howler monkey.
The howler monkey is heavily wounded.
The howler monkey hits you.
* * * LOW HITPOINT WARNING * * *
You barely miss the howler monkey.
The howler monkey is heavily wounded.
The howler monkey hits you but does no damage.
You barely miss the howler monkey.
The howler monkey is heavily wounded.
The howler monkey hits you but does no damage.
You hit the howler monkey.
The howler monkey is severely wounded.
The howler monkey hits you.
* * * LOW HITPOINT WARNING * * *
You hit the howler monkey but do no damage.
The howler monkey is severely wounded.
The howler monkey hits you but does no damage.
The endoplasm jiggles.
Your plate armour prevents you from hitting the howler monkey.
The howler monkey is severely wounded.
The howler monkey hits you but does no damage.
You barely miss the howler monkey.
The howler monkey is severely wounded.
The howler monkey barely misses you.
The howler monkey hits you but does no damage.
You hit the howler monkey.
You punch the howler monkey, but do no damage.
The howler monkey is almost dead.
The howler monkey hits you but does no damage.
You closely miss the howler monkey.
The howler monkey is almost dead.
The howler monkey hits you.
* * * LOW HITPOINT WARNING * * *
You closely miss the howler monkey.
The howler monkey is almost dead.
The howler monkey hoots and howls with incredible vigour!
You hear a shout!
Your plate armour prevents you from hitting the howler monkey.
The howler monkey is almost dead.
The howler monkey hits you but does no damage.
You closely miss the howler monkey.
The howler monkey is almost dead.
The howler monkey hits you but does no damage.
You hit the howler monkey.
You kill the howler monkey!
The adder bites you but does no damage.
You have reached level 5!
Spell assigned to 'p'.
The power to cast Passwall wells up from within.
You miss the adder. The adder bites you but does no damage.
You closely miss the adder. The adder bites you but does no damage.
You miss the adder. The adder bites you but does no damage.
You hit the adder but do no damage. The adder bites you.
* * * LOW HITPOINT WARNING * * *
You closely miss the adder.
The adder bites you but does no damage. x2
You closely miss the adder. The adder barely misses you.
You hit the adder.
The adder is moderately wounded.
The adder bites you but does no damage.
Your plate armour prevents you from hitting the adder.
The adder is moderately wounded.
The adder bites you but does no damage.
You hit the adder.
The adder is heavily wounded.
The adder bites you but does no damage.
A rat comes into view.
You hit the adder.
The adder is severely wounded.
The adder bites you but does no damage. x2
You closely miss the adder.
The adder is severely wounded.
The adder bites you.
* * * LOW HITPOINT WARNING * * *
You barely miss the adder.
The adder is severely wounded.
The adder bites you.
* * * LOW HITPOINT WARNING * * *
You hit the adder but do no damage.
The adder is severely wounded.
The adder bites you.
You die...

#....# ######.....# ...
#....# #..........##...
#...)####...............
#.>.....................
#....#.......)#.........
#.............###.......
##.#.####.....###....###
#.#.####r....)......#
#.#.#.@SJ##..†).....#
#†#.#.#####...).#####
#<..#.# #...).#
#.#.#.#####.....#
####.##............#
#..................#
#..................#
#......#############
#......#


You could see an adder, an endoplasm and a rat.

Vanquished Creatures
  A howler monkey (D:3)
  An orc wizard (D:3)
  2 adders (D:2)
  4 dart slugs
  3 orcs (D:3)
  3 ball pythons
  2 endoplasms
  2 giant cockroaches
  A goblin (D:3)
  2 hobgoblins (D:1)
  4 jackals (D:1)
  A quokka (D:3)
  2 bats
  A frilled lizard (D:1)
  5 kobolds
  3 rats
37 creatures vanquished.

Vanquished Creatures (others)
  3 plants (D:3)
3 creatures vanquished.

Grand Total: 40 creatures vanquished

Notes
Turn   | Place    | Note
-------+----------+-------------------------------------------
     0 | D:1      | EnegeticOcto the Djinni Warper began the quest for the Orb.
     0 | D:1      | Reached XP level 1. HP: 18/18 MP: 0/0
   135 | D:1      | Reached XP level 2. HP: 12/23 MP: 0/0
   354 | D:2      | Reached skill level 3 in Unarmed Combat
   354 | D:2      | Reached XP level 3. HP: 16/29 MP: 0/0
   354 | D:2      | Learned a level 1 spell: Pain
   502 | D:3      | HP: 1/29 [quokka (4)]
   562 | D:3      | Reached XP level 4. HP: 27/34 MP: 0/0
   588 | D:3      | Reached skill level 3 in Fighting
   633 | D:3      | Reached skill level 4 in Unarmed Combat
   691 | D:3      | Reached XP level 5. HP: 6/40 MP: 0/0
   691 | D:3      | Learned a level 2 spell: Passwall
   701 | D:3      | HP: 2/40 [adder (3)]
   703 | D:3      | Slain by an adder

Illustrated notes

Levels and vault maps discovered:
D:1:      psy_arrival_basics, layout_basic
D:2:      layout_rooms, marbit_many_paths, minmay_misc_feat_tiny,
          makhleb_heckhound_becter
D:3:      cheibrodos_old_hovel, layout_basic

Skill      XL: |  1  2  3  4 |
---------------+-------------+-----
Unarmed Combat | 3 4 |  4.3
Fighting       | 3 |  3.3
Throwing       | |  0.7
Armour         | |  1.0
Dodging        | |  2.1
Spellcasting   | |  2.6

Action                   |  1- 3 |  4- 6 || total
-------------------------+-------+-------++-------
Melee: Unarmed           |   154 |    57 ||   211
       Punch             |     1 |     2 ||     3
Throw: Boomerang         |     5 |       ||     5
  Use: Potion            |     3 |       ||     3
Armor: Leather armour    |     4 |       ||     4
       Plate armour      |   129 |    53 ||   182
Dodge: Dodged            |    17 |     2 ||    19

Table legend: (Time is in decaauts)
 A = Elapsed time spent in this place.
 B = Non-inter-level travel time spent in this place.
 C = Inter-level travel time spent in this place.
 D = Time resting spent in this place.
 E = Time spent auto-exploring this place.
 F = Levels seen in this place.
 G = Mean time per level.
                   A        B        C        D        E       F      G
               +--------+--------+--------+--------+--------+-----+--------+
         Total |    693 |    668 |     25 |      0 |      0 |   3 |  231.0 |
       Dungeon |    693 |    668 |     25 |      0 |      0 |   3 |  231.0 |
               +--------+--------+--------+--------+--------+-----+--------+

Top non-repeatable levels by time:
     D:1: 325 daAuts
     D:3: 208 daAuts
     D:2: 159 daAuts
